 Dungeon Sprint DCSS version 0.31-a0-544-gceb718ecc6 (webtiles) character file.

Game seed: 4191286896263625863

1866 rocky1 the Grappler (level 8, -12/67 HPs)
             Began as a Minotaur Shapeshifter on Aug 16, 2023.
             Was an Initiate of Gozag.
             Mangled by a skeletal warrior
             ... wielding a +0 trident
              (25 damage)
             ... in the Dungeon (Sprint IX: "|||||||||||||||||||||||||||||").
             The game lasted 00:02:03 (660 turns).

rocky1 the Grappler (Minotaur Shapeshifter)          Turns: 660, Time: 00:02:04

Health: -12/67     AC: 10    Str: 23    XL:     8   Next: 90%
Magic:  7/7        EV: 13    Int:  8    God:    Gozag
Gold:   114        SH:  0    Dex: 10    Spells: 7/7 levels left

rFire   . .          .
                       - Unarmed
rCold   . . .        (no shield)
rNeg    . . .        o - +2 ring mail
rPois   .            (helmet currently unavailable)
rElec   .            (cloak currently unavailable)
rCorr   .            (gloves currently unavailable)
SInv    .            (boots currently unavailable)
Will    .....        (no amulet)
Stlth   +            n - +2 ring of protection
HPRegen 0.31/turn    m - +3 ring of intelligence
MPRegen 0.10/turn

%: no teleportation
@: beast-form, gold aura, hasted, very quick
A: beast (slay +4), horns 2, retaliatory headbutt
a: Begin Untransformation, Renounce Religion, Potion Petition, Call Merchant,
Bribe Branch


You were in the Dungeon.
You worshipped Gozag.
Gozag was aware of your devotion.
You were a hulking beast.
You visited 1 branch You collected 504 gold pieces.
You paid 390 gold pieces to Gozag.

Inventory:

Hand Weapons
 r - a +2 morningstar of holy wrath
Armour
 a - a +0 animal skin
 o - a +2 ring mail (worn)
 p - a +0 pair of boots
 q - a +0 pair of gloves
Jewellery
 m - a +3 ring of intelligence (right hand)
 n - a +2 ring of protection (left hand)
Talismans
 c - a beast talisman (active)
 d - a flux talisman
Wands
 l - a wand of acid (2)
Scrolls
 k - 2 scrolls of amnesia
Potions
 b - a potion of lignification
 e - 5 potions of curing
 h - 4 potions of magic
 i - a potion of invisibility


   Skills:
 + Level 4.3 Fighting
 + Level 4.4 Armour
 + Level 8.2 Dodging
 + Level 2.5 Stealth
 + Level 14.0 Unarmed Combat
 + Level 1.8 Evocations
 + Level 9.1 Shapeshifting


You had 7 spell levels left.
You didn't know any spells.
Your spell library was empty.

Dungeon Overview and Level Annotations

Branches:
Dungeon (1/1)

Altars:
Cheibriados
Dithmenos
Elyvilon
Fedhas
Gozag
Hepliaklqana
Kikubaaqudgha
Makhleb
Nemelex Xobeh
Okawaru
Qazlal
Ru
Sif Muna
Trog
Uskayaw
Vehumet
Wu Jian
Xom
Yredelemnul
Zin
The Shining One
Jiyva
Lugonu


Innate Abilities, Weirdness & Mutations

You are a hulking beast.
Your limbs bulge with bestial killing power. (Slay +4)
You have a pair of horns on your head.
You reflexively headbutt those who attack you in melee.


Message History

You punch the skeletal warrior!
The skeletal warrior is no longer distracted by gold.
The skeletal warrior is heavily damaged.
The deep elf pyromancer mumbles some strange words.
The deep elf pyromancer blinks!
The skeletal warrior closely misses you.
Okay, then. [a] - 390 gold - haste and heal wounds [b] - 616 gold - resistance, invisibility and haste [c] - 546 gold - curing, magic and resistance Purchase which effect?
You no longer have enough gold to petition Gozag for potion effects.
You feel yourself speed up.
You feel much better.
The vampire mosquito is no longer distracted by gold.
The deep elf pyromancer barely misses you.
The skeletal warrior barely misses you.
You closely miss the deep elf pyromancer.
You miss the deep elf pyromancer. You headbutt the deep elf pyromancer!
The deep elf pyromancer is moderately wounded.
The skeletal warrior hits you with a +0 trident.
The deep elf pyromancer hits you with a +0 long sword!
You barely miss the deep elf pyromancer.
The deep elf pyromancer is moderately wounded.
You hit the deep elf pyromancer. You headbutt the deep elf pyromancer!
The deep elf pyromancer is severely wounded.
You barely miss the deep elf pyromancer.
The deep elf pyromancer is severely wounded.
The skeletal warrior is no longer covered in acid.
The deep elf pyromancer hits you with a +0 long sword!
The skeletal warrior hits you with a +0 trident!!
* * * LOW HITPOINT WARNING * * *
You hit the deep elf pyromancer.
The deep elf pyromancer is almost dead.
You punch the deep elf pyromancer!
You kill the deep elf pyromancer!
The fire elemental disappears in a puff of smoke!
The entropy weaver changes into a black bear!
The skeletal warrior hits you with a +0 trident!!
You die...
Your body crumbles into a pile of gold.

▓.▓
▓)▓
▓.▓
▓.▓
▓.▓
▓.▓
▓.▓
▓$▓
▓h▓
▓z▓
▓h▓
▓y▓
▓§▓
▓.▓
▓.▓
▓'▓
▓e▓


You could see a skeletal warrior, a black bear shaped shifter and a vampire
mosquito (corroded).

Vanquished Creatures
  A boulder beetle (D)
  A deep elf pyromancer (D)
  An ugly thing (D)
  2 wraiths (D)
  An acid dragon (D)
  An orc warrior (D)
  2 centaurs (D)
  2 ogres (D)
  A scorpion (D)
  A gnoll (D)
  A dart slug (D)
  3 giant cockroaches (D)
  A quokka (D)
  A frilled lizard (D)
19 creatures vanquished.

Notes
Turn   | Place    | Note
-------+----------+-------------------------------------------
     0 | D        | rocky1 the Minotaur Shapeshifter began the quest for the
                  | Orb.
     0 | D        | Reached XP level 1. HP: 16/16 MP: 0/0
    17 | D        | Reached skill level 4 in Unarmed Combat
    33 | D        | Noticed an ogre
    33 | D        | Noticed an ogre
    33 | D        | Noticed a scorpion
    36 | D        | Reached XP level 2. HP: 19/23 MP: 1/1
    39 | D        | Killed an ogre
    40 | D        | Reached skill level 6 in Unarmed Combat
    40 | D        | Reached XP level 3. HP: 29/29 MP: 2/2
    40 | D        | Reached XP level 4. HP: 36/36 MP: 3/3
    41 | D        | Killed an ogre
    42 | D        | Reached skill level 7 in Unarmed Combat
    42 | D        | Reached skill level 5 in Shapeshifting
    42 | D        | Reached XP level 5. HP: 41/41 MP: 4/4
    46 | D        | Reached skill level 5 in Dodging
    46 | D        | Reached skill level 8 in Unarmed Combat
   189 | D        | Found a snail-covered altar of Cheibriados.
   189 | D        | Found a shadowy altar of Dithmenos.
   189 | D        | Found a white marble altar of Elyvilon.
   189 | D        | Found a blossoming altar of Fedhas.
   189 | D        | Found an opulent altar of Gozag.
   190 | D        | Found a hazy altar of Hepliaklqana.
   191 | D        | Found a viscous altar of Jiyva.
   192 | D        | Found an ancient bone altar of Kikubaaqudgha.
   193 | D        | Found a corrupted altar of Lugonu.
   194 | D        | Found a burning altar of Makhleb.
   195 | D        | Found a sparkling altar of Nemelex Xobeh.
   196 | D        | Found an iron altar of Okawaru.
   197 | D        | Became a worshipper of Gozag Ym Sagoz the Greedy
   198 | D        | Found a stormy altar of Qazlal.
   199 | D        | Found a sacrificial altar of Ru.
   200 | D        | Found a shimmering blue altar of Sif Muna.
   201 | D        | Found a bloodstained altar of Trog.
   202 | D        | Found a hide-covered altar of Uskayaw.
   203 | D        | Found a radiant altar of Vehumet.
   204 | D        | Found an ornate altar of the Wu Jian Council.
   205 | D        | Found a shimmering altar of Xom.
   206 | D        | Found a basalt altar of Yredelemnul.
   207 | D        | Found a glowing silver altar of Zin.
   208 | D        | Found a glowing golden altar of the Shining One.
   360 | D        | Noticed a wraith
   360 | D        | Noticed a wraith
   360 | D        | Noticed an orc warrior
   360 | D        | Noticed an acid dragon
   360 | D        | Noticed a centaur
   360 | D        | Noticed a centaur
   367 | D        | Killed a wraith
   368 | D        | Reached skill level 9 in Unarmed Combat
   368 | D        | Reached XP level 6. HP: 42/50 MP: 5/5
   371 | D        | Killed a wraith
   372 | D        | Reached skill level 1 in Armour
   372 | D        | Reached skill level 1 in Stealth
   372 | D        | Reached skill level 10 in Unarmed Combat
   372 | D        | Reached XP level 7. HP: 43/57 MP: 6/6
   376 | D        | Reached skill level 11 in Unarmed Combat
   383 | D        | Reached skill level 12 in Unarmed Combat
   625 | D        | Noticed a boulder beetle
   625 | D        | Noticed a cyan ugly thing
   625 | D        | Noticed a hornet
   625 | D        | Noticed a skeletal warrior
   625 | D        | Noticed a vampire mosquito
   625 | D        | Noticed a deep elf pyromancer
   632 | D        | a hornet changed into an entropy weaver
   632 | D        | Noticed an entropy weaver (shapeshifter)
   637 | D        | Killed a boulder beetle
   638 | D        | Reached skill level 13 in Unarmed Combat
   638 | D        | Reached skill level 1 in Evocations
   638 | D        | Reached XP level 8. HP: 54/66 MP: 7/7
   645 | D        | Killed a cyan ugly thing
   646 | D        | Reached skill level 14 in Unarmed Combat
   660 | D        | Killed a deep elf pyromancer
   660 | D        | an entropy weaver changed into a black bear
   660 | D        | Mangled by a skeletal warrior

Illustrated notes

Levels and vault maps discovered:
D:        linesprint [early_d, line_temple, items_1, d_10, items_2, lair_1,
          lair_end, items_3, orc_1, orc_end, items_4, d_15, swamp_1, shoals_1,
          snake_1, spider_1, d_20, vaults_1, items_5, swamp_end, shoals_end,
          snake_end, spider_end, vaults_end, d_27, items_6, zot_1, zot_end,
          crypt_end, forest_end, elf_end, slime_end, tomb_end, abyss_end,
          pan_hell_end]

Skill      XL: |  1  2  3  4  5  6  7  8 |
---------------+-------------------------+-----
Unarmed Combat | 4 6 7 9 10 13 14 | 14.0
Shapeshifting  | 3 4 5 7 8 9 |  9.1
Dodging        | 3 4 5 6 7 8 |  8.2
Fighting       | 2 3 4 |  4.3
Armour         | 1 3 4 |  4.4
Stealth        | 1 2 |  2.5
Evocations     | 1 |  1.8

Action                     |  1- 3 |  4- 6 |  7- 9 || total
---------------------------+-------+-------+-------++-------
  Melee: Unarmed           |    26 |    17 |    28 ||    71
         Headbutt          |     3 |     4 |     8 ||    15
         Punch             |     1 |       |     2 ||     3
 Invoke: Potion Petition   |       |       |     1 ||     1
  Evoke: Wand              |       |     1 |     7 ||     8
    Use: Potion            |     1 |     1 |     3 ||     5
         Scroll            |       |       |     2 ||     2
   Stab: Distracted        |       |     1 |       ||     1
 Armour: Animal skin       |     2 |       |       ||     2
         Ring mail         |       |       |     6 ||     6
  Dodge: Dodged            |    17 |     6 |     9 ||    32

Table legend: (Time is in decaauts)
 A = Elapsed time spent in this place.
 B = Non-inter-level travel time spent in this place.
 C = Inter-level travel time spent in this place.
 D = Time resting spent in this place.
 E = Time spent auto-exploring this place.
 F = Levels seen in this place.
 G = Mean time per level.
                   A        B        C        D        E       F      G
               +--------+--------+--------+--------+--------+-----+--------+
         Total |    644 |    644 |      0 |    470 |      0 |   1 |  644.0 |
       Dungeon |    644 |    644 |      0 |    470 |      0 |   1 |  644.0 |
               +--------+--------+--------+--------+--------+-----+--------+

Top non-repeatable levels by time:
       D: 644 daAuts
